 Dungeon Crawl Stone Soup version 0.17.1-2-g5865329 (webtiles) character file.

984 Arkorax the Skirmisher (level 7, 0/108 HPs)
             Began as a Centaur Gladiator on Jan 11, 2016.
             Was an Initiate of Gozag.
             Succumbed to Gargoyl's ghost's poison
             ... on level 6 of the Dungeon.
             The game lasted 00:08:05 (6171 turns).

Arkorax the Skirmisher (Centaur Gladiator)          Turns: 6171, Time: 00:08:05

Health: 0/108      AC: 23    Str: 20    XL:     7   Next: 97%
Magic:  7/7        EV:  1    Int:  7    God:    Gozag
Gold:   343        SH:  0    Dex: 14    Spells: 0 memorised, 6 levels left

rFire  . . .     SeeInvis .     a - +0 war axe
rCold  . . .     Clarity  .     (armour currently unavailable)
rNeg   + + +     SustAt   .     (no shield)
rPois  +         Gourm    .     (helmet currently unavailable)
rElec  .         Spirit   .     (cloak currently unavailable)
rCorr  .         Warding  .     (gloves currently unavailable)
rMut   .         NoTele   +     (no barding)
MR     .....                    (no amulet)
Stlth  ++........               (no ring)
                                (no ring)

@: agile, lethally poisoned (0 -> -22), tree-form (expiring), very slightly
contaminated, hasted, drained, very quick, not resistant to hostile
enchantments, unstealthy
A: (hooves 0), blurry vision 1, (deformed body), deterioration 1, (speed 0),
robust 1, (tough skin 0)
a: Potion Petition, Call Merchant, Bribe Branch, Renounce Religion


You were on level 6 of the Dungeon.
You worshipped Gozag.
Gozag was noncommittal.
You were not hungry.
You were a tree.
You visited 2 branches of the dungeon, and saw 7 of its levels.

You collected 582 gold pieces.
You spent 181 gold pieces at shops.
You paid 58 gold pieces to Gozag.

Inventory:

Hand Weapons
 a - a +0 war axe (weapon)
 B - a +0 arbalest
 L - a +2 hand axe of freezing
Missiles
 d - 3 throwing nets (quivered)
 t - 5 tomahawks
Armour
 v - a +0 scale mail (melded)
 G - a +1 helmet (melded)
Jewellery
 C - an uncursed amulet of guardian spirit {unknown}
 D - an uncursed amulet of the gourmand {unknown}
 J - a cursed amulet of inaccuracy {unknown}
Wands
 y - a wand of hasting (1)
Scrolls
 h - a scroll of noise {unknown}
 i - 4 scrolls of recharging {unknown}
 l - 8 scrolls of identify {unknown}
 m - 2 scrolls of magic mapping {unknown}
 p - 2 scrolls of teleportation {unknown}
 r - 4 scrolls of remove curse {unknown}
 F - a scroll of fear {unknown}
 K - a scroll of silence {unknown}
 M - a scroll of amnesia {unknown}
 O - a scroll of enchant armour {unknown}
Potions
 n - a potion of flight
 o - a potion of poison
 q - a potion of mutation
 s - 2 potions of haste
 z - a potion of berserk rage {unknown}
 I - a potion of heal wounds {unknown}
Books
 u - a book of Minor Magic

   Spells                             Type                      Level
   a - Magic Dart                     Conjuration                  1
   b - Blink                          Translocation                2
   c - Call Imp                       Summoning                    2
   d - Repel Missiles                 Charms/Air                   2
   e - Slow                           Hexes                        2
   f - Conjure Flame                  Conjuration/Fire             3
   g - Mephitic Cloud                 Conjuration/Poison/Air       3
 w - a book of Annihilations

   Spells                             Type                      Level
   a - Poison Arrow                   Conjuration/Poison           6
   b - Chain Lightning                Conjuration/Air              8
   c - Lehudib's Crystal Spear        Conjuration/Earth            8
   d - Glaciate                       Conjuration/Ice              9
   e - Fire Storm                     Conjuration/Fire             9
 x - a Fen Folio

   Spells                             Type                      Level
   a - Corpse Rot                     Necromancy                   2
   b - Stone Arrow                    Conjuration/Earth            3
   c - Leda's Liquefaction            Hexes/Earth                  4
   d - Summon Forest                  Summoning/Translocation      5
   e - Hydra Form                     Transmutation                6
   f - Summon Hydra                   Summoning                    7
 A - a book of Hinderance

   Spells                             Type                      Level
   a - Confusing Touch                Hexes                        2
   b - Confuse                        Hexes                        3
   c - Gell's Gravitas                Hexes/Translocation          3
   d - Petrify                        Transmutation/Earth          4
   e - Metabolic Englaciation         Hexes/Ice                    5
 H - a book of Power

   Spells                             Type                      Level
   a - Fulminant Prism                Conjuration/Hexes            4
   b - Iskenderun's Mystic Blast      Conjuration                  4
   c - Venom Bolt                     Conjuration/Poison           5
   d - Bolt of Magma                  Conjuration/Fire/Earth       5
   e - Iron Shot                      Conjuration/Earth            6
   f - Orb of Destruction             Conjuration                  7
   g - Spellforged Servitor           Conjuration/Summoning        7
 N - a book of Frost

   Spells                             Type                      Level
   a - Freeze                         Ice                          1
   b - Throw Frost                    Conjuration/Ice              2
   c - Ozocubu's Armour               Charms/Ice                   3
   d - Throw Icicle                   Conjuration/Ice              4
   e - Summon Ice Beast               Ice/Summoning                4
   f - Condensation Shield            Ice                          4
Comestibles
 b - 2 meat rations
 c - a slice of pizza
 e - 3 bread rations
 f - 2 beef jerkies
 g - 6 fruits
 E - 2 royal jellies


   Skills:
 + Level 7.0(6.6) Fighting
 + Level 6.3(5.9) Axes
 - Level 2.1(1.8) Throwing
 - Level 2.1(1.8) Dodging


You had 6 spell levels left.
You didn't know any spells.

Dungeon Overview and Level Annotations

Branches:
Dungeon (6/15)             Temple (1/1) D:4

Altars:
Ashenzari
Cheibriados
Dithmenos
Elyvilon
Fedhas
Gozag
Kikubaaqudgha
Makhleb
Nemelex Xobeh
Okawaru
Ru
Sif Muna
Trog
Vehumet
Xom
The Shining One

Shops:
D:5 %

Annotations:
D:6 Edmund; Gargoyl's ghost, novice DsAK


Innate Abilities, Weirdness & Mutations

((You have hooves in place of feet.))
((Armour fits poorly on your strangely shaped body.))
((You cover ground very quickly.))
((You have extremely tough skin (AC +3).))
Scrolls take you a little longer to read.
Your body sometimes deteriorates upon taking damage.
You are robust (+10% HP).


Message History

You feel very sick.
Gargoyl's ghost hits you but does no damage.
You hit Gargoyl's ghost but do no damage.
Gargoyl's ghost is heavily damaged.
* * * LOW HITPOINT WARNING * * *
You feel sick.
Gargoyl's ghost hits you but does no damage.
You miss Gargoyl's ghost.
Gargoyl's ghost is heavily damaged.
* * * LOW HITPOINT WARNING * * *
You feel sick. Gargoyl's ghost hits you.
* * * LOW HITPOINT WARNING * * *
You barely miss Gargoyl's ghost.
Gargoyl's ghost is heavily damaged.
* * * LOW HITPOINT WARNING * * *
You feel sick.
You closely miss Gargoyl's ghost.
Gargoyl's ghost is heavily damaged.
You die...
Your body crumbles into a pile of gold.

# #..# #.# #####
#.## #.# ....#
#.# #.# .####
##.# #.# .# #..#
#.# .### ##.##
#.# ...### #..#
#.# ##...# #.##
#.# ###.## ##.#
#♣# #...# ##..#
#W# #.#####..##
#s# #.#.....##
#@# #...#####
#.# ...##
######.######
##.#
#.>.........#
..#
#.............#
####
...............#


You could see Edmund, Gargoyl's ghost and a giant cockroach.

Vanquished Creatures
  A sky beast (D:6)
  2 scorpions
  5 wights (D:6)
  A centaur zombie (D:6)
  5 crimson imps
  An orc priest (D:6)
  2 orc wizards
  A centaur skeleton (D:6)
  3 worker ants
  A hound skeleton (D:5)
  11 adders
  2 oozes
  2 adder skeletons
  2 worms (D:3)
  12 orcs
  7 bats
  6 goblins
  8 hobgoblins
  14 jackals
  6 quokkas
  5 ball pythons
  5 giant cockroaches
  5 giant geckos
  11 giant newts
  6 kobolds
  7 rats
131 creatures vanquished.

Notes
Turn   | Place    | Note
--------------------------------------------------------------
     0 | D:1      | Arkorax the Centaur Gladiator began the quest for the Orb.
     0 | D:1      | Reached XP level 1. HP: 17/17 MP: 1/1
    66 | D:1      | Reached XP level 2. HP: 13/25 MP: 2/2
    66 | D:1      | Reached skill level 3 in Axes
   714 | D:2      | Reached XP level 3. HP: 10/31 MP: 3/3
  1389 | D:2      | You fall through a shaft!
  1398 | D:3      | Reached XP level 4. HP: 22/38 MP: 4/4
  2018 | D:3      | Reached skill level 4 in Fighting
  2018 | D:3      | Reached XP level 5. HP: 36/46 MP: 5/5
  2658 | D:3      | Found a sparkling altar of Nemelex Xobeh.
  3028 | D:4      | Found a staircase to the Ecumenical Temple.
  3039 | Temple   | Entered the Ecumenical Temple
  3421 | Temple   | Became a worshipper of Gozag Ym Sagoz the Greedy
  3583 | D:4      | Reached XP level 6. HP: 55/55 MP: 6/6
  3862 | D:4      | Reached skill level 5 in Fighting
  3881 | D:4      | Found a deep blue altar of Sif Muna.
  3893 | D:5      | Entered Level 5 of the Dungeon
  3934 | D:5      | Found Hoedaz's Food Shop.
  3983 | D:5      | Bought a meat ration for 55 gold pieces
  3983 | D:5      | Bought a slice of pizza for 16 gold pieces
  3983 | D:5      | Bought a meat ration for 55 gold pieces
  3983 | D:5      | Bought a meat ration for 55 gold pieces
  4243 | D:5      | Reached skill level 5 in Axes
  4651 | D:6      | Reached XP level 7. HP: 55/62 MP: 7/7
  4673 | D:6      | Reached skill level 6 in Fighting
  4930 | D:6      | Found a sacrificial altar of Ru.
  5008 | D:6      | Found a snail-covered altar of Cheibriados.
  5105 | D:6      | Found a shattered altar of Ashenzari.
  6016 | D:6      | Reached skill level 7 in Fighting
  6122 | D:6      | Noticed Gargoyl's ghost (novice DsAK)
  6124 | D:6      | Noticed Edmund
  6148 | D:6      | Gained mutation: Your body sometimes deteriorates upon taking damage. [potion of mutation]
  6148 | D:6      | Gained mutation: You are robust (+10% HP). [potion of mutation]
  6148 | D:6      | Gained mutation: Scrolls take you a little longer to read. [potion of mutation]
  6169 | D:6      | HP: 5/108 [poisoned by Gargoyl's ghost]
  6170 | D:6      | HP: 1/108 [poisoned by Gargoyl's ghost]
  6171 | D:6      | Succumbed to Gargoyl's ghost's poison

Action                   |  1- 3 |  4- 6 |  7- 9 || total
-------------------------+-------+-------+-------++-------
Melee: War axe           |   100 |   279 |   129 ||   508
Invok: Potion Petition   |       |     1 |       ||     1
  Use: Potion            |     2 |     2 |     6 ||    10
 Stab: Distracted        |       |     1 |     1 ||     2
  Eat: Chunk             |     1 |     1 |       ||     2
       Bread ration      |       |     2 |       ||     2
       Meat ration       |       |       |     1 ||     1
